Map: [ESL] Crimson Court

Players

Ryung

  • Race: Terran Terran
  • Spawn Location: 1:00

GuMiho - Winner!

  • Race: Terran Terran
  • Spawn Location: 7:00

Event: ESL Spring 2024 Finals

VOD

Have the link to the VOD?

Description

Time

  • Played on: May 31, 2024, 12:11 p.m.
  • Length: 16:40

All games in this series

Show
View Real Time Build Order
Export as new Build Order

Ryung Terran 

Build Orders: Cyclone Opening 

Get SALT Encoding   

  12  0:00  SCV  
  13  0:12  SCV  
  14  0:17  Supply Depot  
  14  0:24  SCV  
  15  0:38  SCV  
  15  0:40  Barracks  
  16  0:43  Refinery  
  16  0:50  SCV  
  16  0:52  Refinery  
  17  1:03  SCV  
  18  1:15  SCV  
  19  1:27  Orbital Command, Reaper  
  19  1:31  Supply Depot  
  20  1:42  Factory  
  20  1:53  SCV  
  21  1:59  Reaper  
  22  2:05  SCV  
  23  2:18  SCV  
  23  2:20  Command Center  
  24  2:27  Cyclone  
  26  2:30  SCV  
  27  2:41  Starport  
  27  2:42  SCV  
  27  2:44  Barracks Tech Lab  
  28  2:48  Supply Depot  
  28  2:54  SCV  
  29  3:05  Cyclone  
  30  3:06  SCV  
  31  3:17  Barracks Reactor  
  31  3:19  SCV  
  32  3:22  Banshee  
  35  3:31  SCV  
  36  3:37  Refinery  
  36  3:38  Factory Tech Lab  
  36  3:39  Orbital Command  
  36  3:43  SCV  
  37  3:53  Marine x2  
  37  3:55  SCV  
  40  3:56  Siege Tank  
  43  4:04  Supply Depot  
  43  4:05  SCV  
  43  4:07  SCV  
  45  4:10  Raven  
  45  4:12  Marine x2  
  49  4:17  SCV  
  49  4:19  SCV  
  49  4:20  Supply Depot  
  51  4:29  SCV  
  50  4:31  SCV  
  51  4:41  SCV  
  51  4:43  Interference Matrix, SCV  
  51  4:44  Raven  
  55  4:53  Supply Depot, SCV  
  55  4:55  SCV  
  54  5:04  Siege Tank  
  54  5:06  SCV  
  58  5:08  SCV  
  58  5:10  Command Center  
  59  5:18  SCV  
  59  5:20  SCV  
  61  5:25  Raven  
  63  5:30  Supply Depot, SCV  
  63  5:32  SCV, Marine x2  
  63  5:34  Refinery  
  67  5:38  Siege Tank  
  67  5:42  SCV  
  69  5:45  SCV  
  69  5:49  Supply Depot  
  70  5:54  SCV  
  70  5:55  Barracks  
  70  5:56  Barracks  
  70  5:57  SCV  
  72  6:06  SCV  
  72  6:09  SCV, Viking x2  
  72  6:10  Siege Tank  
  81  6:21  SCV x2  
  81  6:23  Marine  
  81  6:25  Stimpack  
  83  6:26  Orbital Command  
  83  6:32  Engineering Bay  
  81  6:33  SCV x2  
  81  6:35  Engineering Bay  
  83  6:43  Orbital Command  
  83  6:45  SCV x2  
  83  6:46  Viking  
  85  6:50  Barracks Reactor x2  
  85  6:53  Viking  
  87  7:03  Siege Tank  
  87  7:04  SCV x2  
  87  7:06  Terran Infantry Weapons Level 1  
  92  7:16  SCV x2, Marine  
  92  7:19  Barracks  
  92  7:20  Barracks  
  95  7:27  SCV  
  95  7:28  SCV x2  
  95  7:29  Viking  
  100  7:32  Supply Depot  
  100  7:35  Viking  
  98  7:38  Marine x2  
  98  7:40  Terran Infantry Armor Level 1  
  98  7:41  SCV x2  
  98  7:43  SCV  
  102  7:50  Sensor Tower  
  102  7:51  Supply Depot  
  102  7:53  SCV x2  
  102  7:57  Marine x3  
  102  7:58  Marine x2  
  109  7:59  SCV  
  110  8:07  Siege Tank  
  113  8:13  Barracks Reactor x2  
  113  8:16  Supply Depot  
  113  8:17  Refinery, Armory  
  113  8:18  Supply Depot, Refinery  
  113  8:29  Command Center, Medivac  
  113  8:31  Medivac  
  117  8:34  Combat Shield  
  117  8:39  SCV x3  
  119  8:41  Marine x3  
  119  8:42  Marine x2  
  119  8:45  Siege Tank  
  127  8:51  SCV x3  
  127  8:53  Supply Depot  
  127  8:54  Supply Depot  
  127  8:55  Marine x3  
  130  8:56  Marine  
  130  8:59  Marine x2  
  136  9:03  Medivac x2  
  136  9:05  Marine  
  141  9:14  Marine x5  
  141  9:16  Terran Infantry Weapons Level 2  
  146  9:18  Factory  
  146  9:24  Supply Depot x2, Terran Vehicle Weapons Level 1  
  146  9:25  Marine x3  
  146  9:27  Marine  
  146  9:29  Siege Tank  
  153  9:32  Marine x3  
  153  9:38  Supply Depot x2  
  156  9:42  Marine  
  156  9:43  Marine  
  159  9:45  Viking  
  159  9:46  Viking  
  161  10:01  Siege Tank, Marine x8  
  170  10:08  Missile Turret  
  170  10:09  Missile Turret x3  
  170  10:10  Barracks Reactor  
  170  10:18  Marine x2  
  170  10:19  Marine x2  
  170  10:21  Siege Tank  
  164  10:26  Viking x2  
  164  10:29  Marine x3  
  164  10:30  Marine  
  164  10:35  Engineering Bay  
  168  10:36  Marine  
  162  10:55  Marine x3  
  160  10:59  Siege Tank x2  
  160  11:00  Command Center  
  160  11:02  Marine x2  
  159  11:07  Marine x5  
  149  11:13  Marine x3  
  149  11:16  Terran Infantry Armor Level 2  
  152  11:20  Marine  
  152  11:23  Marine  
  154  11:27  Marine x2  
  154  11:32  Marine  
  154  11:33  Marine x2  
  154  11:34  Siege Tank, Marine x2  
  154  11:37  Marine  
  157  11:46  Marine x3  
  141  11:49  Marine  
  141  11:50  Marine x2  
  141  11:51  Siege Tank, Marine  
  146  11:58  Sensor Tower  
  146  12:03  Terran Infantry Weapons Level 3  
  146  12:04  Marine x2  
  146  12:06  Siege Tank  
  151  12:12  Viking x2  
  151  12:15  Marine x2  
  157  12:16  Marine  
  158  12:32  Siege Tank  
  159  12:38  Siege Tank, Marine x2  
  159  12:39  Marine  
  165  12:44  Viking x2  
  165  12:49  Marine x3  
  165  12:51  Marine x3  
  173  13:05  Marine x4  
  174  13:14  Liberator  
  174  13:18  Liberator  
  180  13:22  Siege Tank  
  180  13:23  Siege Tank  
  180  13:25  Planetary Fortress  
  183  13:30  Marine  
  183  13:31  Marine x2  
  183  13:33  Marine  
  187  13:39  Marine  
  164  13:43  Marine  
  164  13:44  Marine  
  164  13:46  Marine x3  
  167  13:52  Marine x3  
  170  14:00  Siege Tank  
  170  14:07  Siege Tank  
  173  14:10  Marine x2  
  173  14:11  Marine x2  
  173  14:13  Marine  
  173  14:17  Liberator  
  175  14:25  Marine  
  175  14:26  Marine x4  
  180  14:35  Marine  
  180  14:36  Marine  
  180  14:40  Marine  
  180  14:42  Orbital Command  
  180  14:56  Supply Depot  
  180  14:57  Marine  
  180  14:58  Supply Depot, Marine x2  
  180  14:59  Marine x2  
  180  15:01  Marine x2  
  180  15:03  Marine x2  
  180  15:04  Marine  
  180  15:05  Siege Tank  
  180  15:09  Siege Tank  
  173  15:14  Marine  
  173  15:15  Marine x2  
  173  15:17  Marine x2  
  173  15:19  Marine x2  
  173  15:20  Marine x2  
  170  15:22  Marine  
  170  15:26  Orbital Command  
  170  15:32  Marine  
  170  15:33  Marine x2  
  170  15:35  Marine x2  
  171  15:36  Marine x2  
  171  15:37  Siege Tank  
  171  15:38  Marine x2  
  171  15:40  Marine  
  171  15:41  Siege Tank  
  175  15:50  Marine  
  175  15:51  Marine x2  
  175  15:53  Marine x2  
  175  15:54  Marine x2  
  175  15:56  Marine  
  175  15:57  Marine x2  
  166  16:08  Marine  
  166  16:09  Marine x2  
  166  16:10  Marine x2  
  138  16:12  Marine x2  
  138  16:14  Marine x2  
  138  16:15  Marine  
Show
View Real Time Build Order
Export as new Build Order

GuMiho Terran - Winner!

Build Orders:  

Get SALT Encoding   

  12  0:00  SCV  
  13  0:12  SCV  
  14  0:16  Supply Depot  
  14  0:24  SCV  
  14  0:28  Refinery  
  15  0:38  SCV  
  16  0:43  Barracks  
  16  0:50  SCV  
  17  1:02  SCV  
  18  1:14  SCV  
  19  1:30  Orbital Command, Marine  
  19  1:31  Factory  
  19  1:32  Supply Depot  
  20  1:48  Reaper  
  21  1:55  SCV  
  22  2:05  Command Center  
  22  2:08  SCV  
  23  2:14  Hellion  
  25  2:20  SCV, Reaper  
  27  2:25  Supply Depot  
  27  2:29  Refinery  
  27  2:32  SCV  
  27  2:36  Hellion  
  30  2:43  Starport  
  30  2:46  SCV  
  31  2:58  SCV, Barracks Reactor  
  32  2:59  Hellion  
  34  3:10  SCV  
  35  3:17  Orbital Command  
  35  3:20  Medivac  
  35  3:21  Factory Tech Lab  
  35  3:22  SCV  
  38  3:34  SCV  
  38  3:35  Marine x2  
  41  3:44  Siege Tank  
  41  3:45  Supply Depot  
  41  3:47  SCV x2  
  46  3:52  Starport Tech Lab  
  46  3:53  Marine x2  
  48  3:59  SCV x2  
  50  4:08  Command Center  
  50  4:14  Viking  
  50  4:16  SCV  
  53  4:17  SCV  
  53  4:23  Supply Depot  
  50  4:33  Siege Tank  
  50  4:34  SCV x2  
  50  4:37  Refinery  
  55  4:38  Refinery  
  53  4:46  SCV x2  
  54  4:58  SCV x2  
  56  5:03  Viking x2  
  60  5:10  SCV x2  
  60  5:12  Siege Tank  
  65  5:21  Orbital Command  
  65  5:23  SCV x2  
  65  5:30  Marine, Stimpack  
  65  5:34  Supply Depot, Viking  
  65  5:35  SCV x2  
  70  5:41  Viking  
  72  5:45  Orbital Command  
  72  5:47  SCV x2  
  74  5:50  Barracks  
  74  5:51  Supply Depot, Barracks  
  74  5:54  Siege Tank  
  77  5:59  SCV x2  
  77  6:00  Supply Depot  
  79  6:08  Engineering Bay x2  
  79  6:11  SCV x2  
  79  6:12  SCV  
  82  6:23  SCV  
  82  6:24  SCV x2  
  84  6:26  Siege Tank  
  86  6:42  Viking x2  
  87  6:47  Marine x3  
  87  6:50  SCV x2  
  87  6:52  Orbital Command  
  92  6:58  Siege Tank, Terran Infantry Weapons Level 1  
  95  7:01  Terran Infantry Armor Level 1  
  95  7:02  SCV x2  
  95  7:08  Supply Depot x2  
  98  7:13  Viking  
  98  7:15  SCV x2  
  102  7:18  Barracks Reactor  
  102  7:19  Barracks  
  102  7:20  Barracks, Barracks Reactor  
  101  7:23  SCV  
  101  7:27  SCV  
  103  7:32  SCV  
  103  7:34  Siege Tank  
  103  7:35  SCV  
  108  7:37  Refinery  
  108  7:38  Refinery  
  108  7:39  Supply Depot x2, SCV  
  108  7:42  Marine  
  108  7:44  Combat Shield, SCV  
  110  7:48  SCV  
  112  7:51  Supply Depot, SCV  
  112  7:55  Armory  
  112  7:56  SCV  
  114  8:00  SCV, Marine x4  
  114  8:01  Marine  
  120  8:07  Siege Tank, SCV  
  120  8:08  SCV  
  120  8:11  Factory  
  120  8:12  SCV  
  126  8:17  Marine  
  126  8:18  Command Center  
  127  8:22  Marine  
  127  8:23  Marine x3, Barracks Reactor  
  127  8:24  Barracks Reactor  
  131  8:27  Supply Depot  
  131  8:29  SCV x2  
  131  8:30  Supply Depot  
  131  8:32  Medivac  
  131  8:34  Medivac  
  137  8:37  SCV  
  138  8:41  SCV x2  
  138  8:42  Siege Tank  
  138  8:43  Marine x5  
  147  8:56  Sensor Tower  
  147  8:57  Terran Infantry Weapons Level 2  
  147  8:59  Marine x2  
  147  9:01  Marine x3  
  150  9:08  Terran Infantry Armor Level 2  
  150  9:13  Marine, Barracks  
  150  9:14  Supply Depot, Marine x3, Barracks  
  150  9:15  Barracks  
  150  9:16  Supply Depot x2  
  150  9:17  Marine  
  154  9:19  Factory Tech Lab  
  154  9:23  SCV x3  
  158  9:27  Missile Turret x2  
  158  9:33  Siege Tank  
  158  9:37  Marine x7  
  158  9:38  Marine  
  169  9:39  Marine, Sensor Tower  
  169  9:43  Medivac  
  172  9:53  Planetary Fortress  
  172  9:54  Marine  
  172  9:55  Marine x5  
  177  10:01  Marine x3  
  177  10:05  Siege Tank  
  183  10:13  Command Center  
  172  10:28  Marine x7  
  169  10:29  Marine x2  
  169  10:30  Marine  
  169  10:32  Siege Tank  
  181  10:37  Marine x2  
  181  10:38  Siege Tank  
  183  10:46  Marine x5  
  188  11:00  Supply Depot  
  188  11:01  Supply Depot  
  188  11:05  Marine x3, Command Center  
  188  11:06  Command Center  
  188  11:08  Marine x5  
  188  11:10  Barracks Reactor x3  
  188  11:15  Terran Infantry Weapons Level 3  
  188  11:16  Terran Vehicle Weapons Level 1  
  188  11:26  Terran Infantry Armor Level 3  
  188  11:28  Planetary Fortress  
  188  11:32  Unknown  
  186  11:34  Marine x5  
  186  11:35  Marine x4  
  176  11:46  Marine x3  
  152  11:47  Marine x2  
  152  11:48  Marine  
  152  11:52  Marine x9  
  163  12:00  Starport  
  163  12:01  Starport  
  163  12:03  Marine  
  163  12:04  Marine x2  
  163  12:05  Siege Tank x2, Marine x2  
  163  12:06  Marine, Medivac x2  
  176  12:10  Marine x4  
  180  12:15  Command Center  
  180  12:19  Orbital Command x2  
  180  12:20  Missile Turret  
  180  12:22  Marine  
  180  12:23  Marine x9  
  180  12:24  Marine  
  180  12:28  Marine x2, Armory  
  193  12:33  SCV x3  
  196  12:46  Missile Turret  
  196  12:48  Refinery x2  
  196  12:49  Starport Reactor x2  
  196  12:54  Starport  
  196  12:55  Starport  
  195  13:14  Terran Vehicle Weapons Level 2  
  195  13:15  Terran Vehicle And Ship Armor Level 1  
  182  13:37  Marine x7  
  182  13:39  Marine x2  
  182  13:40  Marine x4  
  182  13:41  Marine  
  150  13:42  Marine  
  150  13:48  Siege Tank x2  
  151  13:50  Starport Tech Lab, Starport Reactor  
  151  13:51  Viking  
  151  13:52  Viking x3  
  151  13:53  Viking x2  
  151  13:54  Marine  
  151  13:55  Marine x6  
  170  13:56  Marine  
  170  13:57  Marine  
  172  14:03  Hi-Sec Auto Tracking, Neosteel Armor  
  172  14:04  Marine x3  
  175  14:11  Command Center  
  171  14:19  Marine  
  171  14:20  Siege Tank, Marine x3  
  171  14:21  Viking  
  171  14:22  Viking x3  
  171  14:23  Viking x2  
  192  14:25  Raven  
  192  14:26  Interference Matrix  
  183  14:35  Siege Tank  
  183  14:37  Marine x4  
  183  14:38  Marine  
  191  14:39  Liberator  
  191  14:40  Liberator  
  191  14:43  Fusion Core  
  191  14:45  Orbital Command  
  197  14:51  Viking  
  193  15:07  Siege Tank  
  193  15:12  Siege Tank  
  193  15:14  Liberator  
  194  15:18  Liberator  
  189  15:38  Orbital Command  
  189  15:39  Siege Tank  
  186  16:01  Siege Tank  
  186  16:02  Marine x3  
  186  16:03  Marine x2  
  193  16:11  Marine x4  
  183  16:20  Marine x4  
  183  16:21  Marine  
Tags
 
Add a new tag
Caveats
  • Supply blocks, unpowered buildings, or Contaminate may cause inaccurate times.
  • Supply counts are checked every 10 seconds.